AoeStats
← Jan Itor

Arabia

509724786Analyzed
4v4 RM · 4d ago on Sep 27, 2026· 26m 53s· 8 players
Game mode
Random Map
Map size
Large (8 player)
Population
200
Speed
Normal
Resources
Standard
Victory
Conquest
Starting age
Dark Age
Ending age
Imperial Age
RankedLock teamsTeams togetherTeam positionsShared explorationLock speedFull tech treeHidden civsTurbo modeCheats
Victory
Defeat
🇩🇪 Goths · Germany
1768
+20
🇲🇽 Gurjaras · Mexico
1761
+20
🇨🇿 Romans · Czechia
1703
+22
🇧🇷 Sicilians · Brazil
1698
+22
1879
-22
🇮🇹 Berbers · Italy
1859
-22
🇮🇹 Inca · Italy
1857
-21
🇮🇹 Khmer · Italy
1802
-19
MZTK | GO1_mx
6:30 Loom
8:58 Feudal Age
9:28 Double-Bit Axe
13:29 Fletching
15:25 Padded Archer Armor
21:11 Castle Age
19:42 Gold Mining
20:40 Horse Collar
21:13 Crossbowman
21:49 Bodkin Arrow
22:05 Bow Saw
24:39 Ballistics
26:29 Leather Archer Armor
Sung Jinwoo
5:03 Loom
5:54 Loom
9:04 Feudal Age
9:17 Man-at-Arms
13:11 Fletching
15:29 Double-Bit Axe
27:59 Castle Age
Franczesco
8:52 Feudal Age
8:05 Loom
9:27 Double-Bit Axe
9:23 Horse Collar
16:06 Bloodlines
16:22 Scale Barding Armor
17:06 Forging
21:29 Castle Age
22:29 Chain Barding Armor
21:31 Light Cavalry
22:28 Husbandry
24:30 Wheelbarrow
Jan Itor
8:23 Feudal Age
8:33 Loom
9:00 Double-Bit Axe
9:48 Horse Collar
16:31 Scale Barding Armor
17:42 Forging
22:16 Castle Age
20:37 Gold Mining
21:23 Bloodlines
23:15 Bow Saw
23:25 Chain Barding Armor
24:21 Husbandry
24:47 Heavy Plow
ITA | Killer_Storm_
7:58 Feudal Age
7:07 Loom
8:40 Double-Bit Axe
14:22 Fletching
21:23 Castle Age
20:10 Padded Archer Armor
20:42 Horse Collar
21:25 Crossbowman
22:04 Bodkin Arrow
24:03 Ballistics
ITA | Padre Massimo dall'Aquila
8:51 Feudal Age
8:47 Loom
8:53 Champi Runner
10:09 Double-Bit Axe
17:44 Scale Mail Armor
23:05 Castle Age
21:21 Horse Collar
23:09 Champi Warrior
23:55 Squires
26:25 Chain Mail Armor
ITA | Brain-rot
5:53 Loom
8:51 Feudal Age
12:23 Double-Bit Axe
17:36 Fletching
17:59 Padded Archer Armor
24:15 Castle Age
22:48 Horse Collar
24:22 Crossbowman
24:57 Gold Mining
25:17 Bodkin Arrow
Carnage
6:21 Loom
8:52 Feudal Age
9:43 Double-Bit Axe
10:07 Horse Collar
18:34 Bloodlines
23:06 Castle Age
21:12 Gold Mining
22:13 Scale Barding Armor
23:09 Light Cavalry
24:31 Husbandry
25:35 Chain Barding Armor
26:13 Bow Saw
26:40 Forging
Connection lost

Rejoining the realm…

Still unreachable

The connection could not be restored.

Session expired

The server has moved on; the page needs a fresh start.